Senators vs RedWings

Created - Monday, November 24, 2014 at 21:15

Goals
1 2 3 T
Senators 1 1 2 4
RedWings 0 1 0 1
Shots
1 2 3 T
Senators 11 7 16 34
RedWings 9 11 13 33

1st period

1. Senators , Fedor Tyutin 5 (Colin Greening, Kyle Chipchura) at 15:02 (SH)

Penalties :
Nazem Kadri (Ott) for High sticking (Minor) at 14:34, Zach Bogosian (Ott) for Hooking (Minor) at 18:40

2nd period

2. Senators , Scott Hartnell 5 (Jonathan Toews) at 1:38 (PP)
3. RedWings , Justin Abdelkader 3 (Milan Michalek) at 9:25

Penalties :
Zac Rinaldo (Det) for Tripping (Minor) at 1:37, Justin Schultz (Ott) for Holding (Minor) at 10:56, Brandon Prust (Det) for High sticking (Minor) at 14:03, Colin Greening (Ott) for Roughing (Double Minor) at 16:29

3rd period

4. Senators , Phil Kessel 10 (Jonathan Toews) at 10:57 (PP)
5. Senators , Phil Kessel 11 (Jonathan Toews) at 12:08

Penalties :
Alexei Emelin (Det) for Tripping (Minor) at 10:10

Goalie Stats

Steve Mason (Ott), 32 saves from 33 shots - (0.970), W, 10-9-1, 60:00 minutes
Jonas Hiller (Det), 30 saves from 34 shots - (0.882), L, 7-9-0, 60:00 minutes

Players Stats for Senators

Player Name              G  A  P  +/- PIM S  H  SB GA TA FO     MP     PP MP  PK MP  
------------------------------------------------------------------------------------
Brad Richards            0  0  0   0  0   1  1  0  4  0  4/6    11:37   0:00   0:27 
Colin Greening           0  1  1   1  4   0  2  0  0  2  0/0    16:20   0:00   4:38 
David Clarkson           0  0  0   0  0   1  1  0  0  1  0/0     5:40   0:00   0:00 
Erik Gudbranson          0  0  0   0  0   2  0  2  0  0  0/0     7:37   0:00   0:00 
Fedor Tyutin             1  0  1   0  0   2  0  4  0  2  0/0    22:13   1:00   6:55 
Johnny Oduya             0  0  0   1  0   1  2  1  0  4  0/0    20:49   1:00   4:03 
Jonathan Toews           0  3  3   1  0   1  1  2  2  1  8/13   19:10   1:34   1:49 
Justin Schultz           0  0  0   0  2   2  4  3  2  1  0/0    27:25   1:47   4:27 
Kyle Chipchura           0  1  1   1  0   0  0  0  2  0  9/16   13:29   0:00   7:16 
Kyle Clifford            0  0  0   0  0   0  0  1  0  0  0/0     5:40   0:00   0:00 
Kyle Okposo              0  0  0  -1  0   6  1  1  4  1  0/0    15:18   1:13   0:00 
Nazem Kadri              0  0  0  -1  2   5  2  0  2  0  10/11  16:59   1:13   1:41 
Nikita Nikitin           0  0  0   1  0   1  1  0  0  1  0/0    16:11   0:00   0:00 
Phil Kessel              2  0  2   1  0   5  1  0  0  0  0/0    17:20   1:34   0:00 
Reilly Smith             0  0  0  -1  0   0  0  0  2  1  1/1    17:35   1:13   2:16 
Scott Gomez              0  0  0   0  0   1  3  0  1  1  0/0    12:55   0:00   1:45 
Scott Hartnell           1  0  1   1  0   3  4  0  1  1  1/2    17:20   1:34   0:00 
Zach Bogosian            0  0  0   0  2   3  4  2  0  1  0/0    26:12   1:47   4:27 

Players Stats for RedWings

Player Name              G  A  P  +/- PIM S  H  SB GA TA FO     MP     PP MP  PK MP  
------------------------------------------------------------------------------------
Alexei Emelin            0  0  0   0  2   0  4  1  0  1  0/0    25:22   6:13   1:06 
Brandon Prust            0  0  0   0  2   1  1  1  1  1  2/6    12:10   0:00   0:48 
Bryan Bickell            0  0  0   0  0   2  1  1  2  0  0/0    11:37   0:23   0:00 
Chris VandeVelde         0  0  0   0  0   0  1  0  1  1  1/8     7:56   0:00   0:00 
David Moss               0  0  0   0  0   1  1  1  0  2  0/0    20:40   5:46   0:00 
Eric Gryba               0  0  0  -1  0   4  0  2  0  3  0/0    20:14   3:43   0:54 
Jannik Hansen            0  0  0  -1  0   2  1  0  3  0  1/1    17:12   4:10   0:00 
Jason Demers             0  0  0  -1  0   4  1  1  1  1  0/0    20:14   3:43   0:54 
Jesse Joensuu            0  0  0   0  0   3  0  0  1  0  0/0     8:47   0:00   0:42 
Johnny Boychuk           0  0  0   0  0   2  0  0  2  2  0/0    26:10   6:13   1:53 
Justin Abdelkader        1  0  1   0  0   4  4  0  2  0  7/18   20:40   5:46   0:00 
Milan Michalek           0  1  1   0  0   3  1  1  5  1  0/1    20:40   5:46   0:00 
Nick Leddy               0  0  0   0  0   1  0  0  0  0  0/0    13:34   0:00   0:00 
Paul Postma              0  0  0   0  0   1  1  0  1  0  0/0    14:21   0:00   0:47 
Tomas Hertl              0  0  0  -1  0   3  1  0  5  0  4/13   18:21   4:10   1:00 
Travis Moen              0  0  0  -1  0   1  0  0  0  1  0/0    18:54   3:47   2:05 
Tyler Pitlick            0  0  0   0  0   0  1  0  0  0  0/0     7:56   0:00   0:00 
Zac Rinaldo              0  0  0   0  2   1  1  0  0  0  1/2    12:12   0:00   0:59 

3 Stars

1 - Phil Kessel (Ott)
2 - Steve Mason (Ott)
3 - Jonathan Toews (Ott)

Power Play

Senators - 2 on 3 Attempt(s) - 66.67%
RedWings - 0 on 5 Attempt(s) - 0.00%

Penalty Kill

Senators - 5 on 5 Attempt(s) - 100.00% - Score 1 goal in Penalty Kill
RedWings - 1 on 3 Attempt(s) - 33.33% - Score 0 goal in Penalty Kill

Official

Referees : Unknown
Linesman : Unknown

Game Notes

Erik Gudbranson is injured at 8:49 of 2nd period (Groin)
Fedor Tyutin is injured at 9:35 of 3rd period (Right Eye)

Finance

Level 1 -- Attendance: 4367 (72.78%) -- Ticket Income $393,030
Level 2 -- Attendance: 3434 (68.68%) -- Ticket Income $199,172
Level 3 -- Attendance: 2000 (100.00%) -- Ticket Income $60,000
Level 4 -- Attendance: 3848 (96.20%) -- Ticket Income $73,112
Luxury Box -- Attendance: 881 (88.10%) -- Ticket Income $158,580
Game was played at the Joe Louis Arena
Total Attendance: 14530 (80.72%)
Total Ticket Income: $883,894
Other Income: $433,108
Total Income: $1,317,002

Senators

5 vs 5 Forward 
   Center                   Left Wing                Right Wing               Time % Phy DF OF 
 1 Jonathan Toews           Scott Hartnell           Phil Kessel              35     1   1  3  
 2 Nazem Kadri              Reilly Smith             Kyle Okposo              30     1   1  3  
 3 Brad Richards            Colin Greening           Scott Gomez              22     2   2  1  
 4 Kyle Chipchura           Kyle Clifford            David Clarkson           13     2   2  1  

5 vs 5 Defense 
   Defense                  Defense                                           Time % Phy DF OF 
 1 Fedor Tyutin             Zach Bogosian                                     35     1   2  2  
 2 Johnny Oduya             Justin Schultz                                    30     1   2  2  
 3 Nikita Nikitin           Erik Gudbranson                                   22     1   3  1  
 4 Fedor Tyutin             Zach Bogosian                                     13     1   2  2  

PowerPlay Forward 
   Center                   Left Wing                Right Wing               Time % Phy DF OF 
 1 Jonathan Toews           Scott Hartnell           Phil Kessel              60     0   1  4  
 2 Nazem Kadri              Reilly Smith             Kyle Okposo              40     0   1  4  

PowerPlay Defense
   Defense                  Defense                                           Time % Phy DF OF 
 1 Fedor Tyutin             Zach Bogosian                                     60     1   1  3  
 2 Johnny Oduya             Justin Schultz                                    40     1   1  3  

Penalty Kill 4 Players Forward 
   Center                   Wing                     Time % Phy DF OF 
 1 Kyle Chipchura           Colin Greening           60     1   3  1  
 2 Jonathan Toews           Nazem Kadri              40     1   3  1  

Penalty Kill 4 Players Defense
   Defense                  Defense                  Time % Phy DF OF 
 1 Fedor Tyutin             Zach Bogosian            60     1   4  0  
 2 Johnny Oduya             Justin Schultz           40     1   4  0  

Penalty Kill - 3 Players Forward 
   Forward                                           Time % Phy DF OF 
 1 Kyle Chipchura                                    60     1   4  0  
 2 Jonathan Toews                                    40     1   4  0  

Penalty Kill - 3 Players Defense
   Defense                  Defense                  Time % Phy DF OF 
 1 Fedor Tyutin             Zach Bogosian            60     1   4  0  
 2 Johnny Oduya             Justin Schultz           40     1   4  0  

4 vs 4 Forward 
   Center                   Wing                     Time % Phy DF OF 
 1 Jonathan Toews           Phil Kessel              60     1   1  3  
 2 Nazem Kadri              Kyle Okposo              40     1   1  3  

4 vs 4 Defense
   Defense                  Defense                  Time % Phy DF OF 
 1 Fedor Tyutin             Zach Bogosian            60     1   2  2  
 2 Johnny Oduya             Justin Schultz           40     1   2  2  

Last Minutes Offensive
   Center                   Left Wing                Right Wing               Defense                  Defense                  
   Nazem Kadri              Scott Hartnell           Phil Kessel              Fedor Tyutin             Zach Bogosian            

Last Minutes Defensive
   Center                   Left Wing                Right Wing               Defense                  Defense                  
   Nazem Kadri              Scott Hartnell           Phil Kessel              Fedor Tyutin             Zach Bogosian            

Goaltenders
Starting : Steve Mason              
Backup : James Reimer             

Extra Forwards
Normal : Nazem Kadri, Colin Greening, Reilly Smith - PP : Nazem Kadri, Colin Greening - PK : Reilly Smith
Extra Defensemen
Normal : Justin Schultz, Zach Bogosian, Johnny Oduya - PP : Justin Schultz - PK : Justin Schultz, Johnny Oduya
Penalty Shots
Nazem Kadri, Phil Kessel, Kyle Okposo, Brad Richards, Scott Hartnell

RedWings

5 vs 5 Forward 
   Center                   Left Wing                Right Wing               Time % Phy DF OF 
 1 Justin Abdelkader        Milan Michalek           David Moss               35     1   2  2  
 2 Tomas Hertl              Jannik Hansen            Travis Moen              30     1   2  2  
 3 Brandon Prust            Bryan Bickell            Zac Rinaldo              22     5   0  0  
 4 Chris VandeVelde         Jesse Joensuu            Tyler Pitlick            13     5   0  0  

5 vs 5 Defense 
   Defense                  Defense                                           Time % Phy DF OF 
 1 Johnny Boychuk           Alexei Emelin                                     35     1   2  2  
 2 Jason Demers             Eric Gryba                                        30     1   2  2  
 3 Nick Leddy               Paul Postma                                       22     1   2  2  
 4 Johnny Boychuk           Alexei Emelin                                     13     1   2  2  

PowerPlay Forward 
   Center                   Left Wing                Right Wing               Time % Phy DF OF 
 1 Justin Abdelkader        Milan Michalek           David Moss               60     1   2  2  
 2 Tomas Hertl              Jannik Hansen            Travis Moen              40     1   2  2  

PowerPlay Defense
   Defense                  Defense                                           Time % Phy DF OF 
 1 Johnny Boychuk           Alexei Emelin                                     60     1   2  2  
 2 Jason Demers             Eric Gryba                                        40     1   2  2  

Penalty Kill 4 Players Forward 
   Center                   Wing                     Time % Phy DF OF 
 1 Brandon Prust            Travis Moen              60     1   2  2  
 2 David Moss               Jannik Hansen            40     1   2  2  

Penalty Kill 4 Players Defense
   Defense                  Defense                  Time % Phy DF OF 
 1 Johnny Boychuk           Alexei Emelin            60     1   2  2  
 2 Jason Demers             Eric Gryba               40     1   2  2  

Penalty Kill - 3 Players Forward 
   Forward                                           Time % Phy DF OF 
 1 Brandon Prust                                     60     1   2  2  
 2 Travis Moen                                       40     1   2  2  

Penalty Kill - 3 Players Defense
   Defense                  Defense                  Time % Phy DF OF 
 1 Johnny Boychuk           Alexei Emelin            60     1   2  2  
 2 Jason Demers             Eric Gryba               40     1   2  2  

4 vs 4 Forward 
   Center                   Wing                     Time % Phy DF OF 
 1 Milan Michalek           Justin Abdelkader        60     1   2  2  
 2 David Moss               Jannik Hansen            40     1   2  2  

4 vs 4 Defense
   Defense                  Defense                  Time % Phy DF OF 
 1 Johnny Boychuk           Alexei Emelin            60     1   2  2  
 2 Jason Demers             Eric Gryba               40     1   2  2  

Last Minutes Offensive
   Center                   Left Wing                Right Wing               Defense                  Defense                  
   Justin Abdelkader        Milan Michalek           David Moss               Johnny Boychuk           Alexei Emelin            

Last Minutes Defensive
   Center                   Left Wing                Right Wing               Defense                  Defense                  
   Justin Abdelkader        Milan Michalek           David Moss               Johnny Boychuk           Alexei Emelin            

Goaltenders
Starting : Jonas Hiller             
Backup : Martin Jones             

Extra Forwards
Normal : Bryan Bickell, Brandon Prust, Zac Rinaldo - PP : Bryan Bickell, Brandon Prust - PK : Zac Rinaldo
Extra Defensemen
Normal : Nick Leddy, Paul Postma, Jason Demers - PP : Nick Leddy - PK : Paul Postma, Jason Demers
Penalty Shots
Milan Michalek, Justin Abdelkader, David Moss, Jannik Hansen, Travis Moen

% Time on Ice - Senators

Lines # - Real PCT - Wanted PCT - Time Play
Normal Forward
1 - 35% - 35% - 16:21
2 - 30% - 30% - 14:06
3 - 24% - 22% - 11:10
4 - 12% - 13% - 5:40
Normal Defense
1 - 35% - 35% - 16:45
2 - 24% - 30% - 11:16
3 - 33% - 22% - 15:34
4 - 8% - 13% - 3:42
PP Forward
1 - 56% - 60% - 1:34
2 - 44% - 40% - 1:13
PP Defense
1 - 64% - 60% - 1:47
2 - 36% - 40% - 1:00
PK Forward
1 - 82% - 60% - 8:07
2 - 18% - 40% - 1:49
PK Defense
1 - 65% - 60% - 6:26
2 - 35% - 40% - 3:30
PK3 Forward
1 - 0% - 60%
2 - 0% - 40%
PK3 Defense
1 - 0% - 60%
2 - 0% - 40%
44 Forward
1 - 0% - 60%
2 - 0% - 40%
44 Defense
1 - 0% - 60%
2 - 0% - 40%
Last Minute Offensive  - 0:00
Last Minute Defensive  - 0:00
Total
Forward - 60:00
Defense - 60:00

% Time on Ice - RedWings

Lines # - Real PCT - Wanted PCT - Time Play
Normal Forward
1 - 32% - 35% - 15:04
2 - 28% - 30% - 13:03
3 - 24% - 22% - 11:14
4 - 17% - 13% - 7:56
Normal Defense
1 - 33% - 35% - 15:23
2 - 33% - 30% - 15:37
3 - 29% - 22% - 13:34
4 - 6% - 13% - 2:43
PP Forward
1 - 58% - 60% - 5:46
2 - 42% - 40% - 4:10
PP Defense
1 - 63% - 60% - 6:13
2 - 37% - 40% - 3:43
PK Forward
1 - 100% - 60% - 2:47
2 - 0% - 40% - 0:00
PK Defense
1 - 68% - 60% - 1:53
2 - 32% - 40% - 0:54
PK3 Forward
1 - 0% - 60%
2 - 0% - 40%
PK3 Defense
1 - 0% - 60%
2 - 0% - 40%
44 Forward
1 - 0% - 60%
2 - 0% - 40%
44 Defense
1 - 0% - 60%
2 - 0% - 40%
Last Minute Offensive  - 0:00
Last Minute Defensive  - 0:00
Total
Forward - 60:00
Defense - 60:00

Play by Play

1st period


0:01 of 1st period - Jonathan Toews wins face-off versus Justin Abdelkader in neutral zone.
0:29 of 1st period - Wrist shot by Milan Michalek.
0:29 of 1st period - Shot Misses the Net.
0:39 of 1st period - Zach Bogosian is hit by Alexei Emelin and loses puck.
0:55 of 1st period - Icing by Fedor Tyutin.
0:56 of 1st period - Tomas Hertl wins face-off versus Jonathan Toews in Senators zone.
1:36 of 1st period - Jason Demers is hit by Justin Schultz and loses puck.
1:51 of 1st period - Brandon Prust is hit by Colin Greening and loses puck.
2:02 of 1st period - Snap shot by Scott Gomez.
2:02 of 1st period - Stopped by Jonas Hiller with a rebound.
2:04 of 1st period - Slapshot by Erik Gudbranson.
2:04 of 1st period - Shot Blocked by Bryan Bickell.
2:06 of 1st period - Snap shot by Erik Gudbranson.
2:06 of 1st period - Stopped by Jonas Hiller with a rebound.
2:16 of 1st period - Nikita Nikitin is hit by Zac Rinaldo and loses puck.
2:43 of 1st period - Icing by Fedor Tyutin.
2:44 of 1st period - Kyle Chipchura wins face-off versus Chris VandeVelde in Senators zone.
2:44 of 1st period - Kyle Chipchura is hit by Tyler Pitlick.
3:02 of 1st period - Wrist shot by Kyle Chipchura.
3:02 of 1st period - Shot Misses the Net.
3:43 of 1st period - Erik Gudbranson is hit by Alexei Emelin and loses puck.
4:25 of 1st period - Jonathan Toews is hit by Alexei Emelin and loses puck.
5:20 of 1st period - Johnny Oduya is hit by Bryan Bickell and loses puck.
5:38 of 1st period - Zach Bogosian is hit by Paul Postma and loses puck.
5:43 of 1st period - Slapshot by Jason Demers.
5:43 of 1st period - Shot Blocked by Fedor Tyutin.
5:45 of 1st period - Slapshot by Jason Demers.
5:45 of 1st period - Deflect By Fedor Tyutin.
5:45 of 1st period - Stopped by Steve Mason without a rebound.
5:46 of 1st period - Kyle Chipchura wins face-off versus Chris VandeVelde in Senators zone.
5:53 of 1st period - Slapshot by Zach Bogosian.
5:53 of 1st period - Stopped by Jonas Hiller with a rebound.
6:44 of 1st period - Nazem Kadri is hit by Justin Abdelkader.
7:27 of 1st period - Snap shot by Phil Kessel.
7:27 of 1st period - Stopped by Jonas Hiller without a rebound.
7:28 of 1st period - Brad Richards wins face-off versus Tomas Hertl in RedWings zone.
7:31 of 1st period - Snap shot by Brad Richards.
7:31 of 1st period - Stopped by Jonas Hiller without a rebound.
7:32 of 1st period - Brad Richards wins face-off versus Tomas Hertl in RedWings zone.
8:32 of 1st period - Alexei Emelin is hit by Scott Hartnell.
9:08 of 1st period - Slapshot by Kyle Okposo.
9:08 of 1st period - Shot Misses the Net.
9:10 of 1st period - Slapshot by Johnny Oduya.
9:10 of 1st period - Shot Misses the Net.
9:12 of 1st period - Slapshot by Johnny Oduya.
9:12 of 1st period - Shot Blocked by Jason Demers.
9:48 of 1st period - Slapshot by Nikita Nikitin.
9:48 of 1st period - Shot Blocked by Alexei Emelin.
10:04 of 1st period - Slapshot by Kyle Chipchura.
10:04 of 1st period - Shot Misses the Net.
10:26 of 1st period - Alexei Emelin is hit by Colin Greening.
10:42 of 1st period - Wrist shot by Brad Richards.
10:42 of 1st period - Shot Misses the Net.
10:44 of 1st period - Slapshot by Zach Bogosian.
10:44 of 1st period - Stopped by Jonas Hiller with a rebound.
10:46 of 1st period - Slapshot by Scott Gomez.
10:46 of 1st period - Shot Misses the Net.
11:19 of 1st period - Slapshot by Nick Leddy.
11:19 of 1st period - Deflect By Scott Hartnell.
11:19 of 1st period - Stopped by Steve Mason with a rebound.
12:20 of 1st period - Snap shot by David Clarkson.
12:20 of 1st period - Stopped by Jonas Hiller with a rebound.
12:28 of 1st period - Slapshot by David Clarkson.
12:28 of 1st period - Shot Misses the Net.
12:30 of 1st period - Slapshot by Erik Gudbranson.
12:30 of 1st period - Stopped by Jonas Hiller without a rebound.
12:31 of 1st period - Justin Abdelkader wins face-off versus Kyle Chipchura in RedWings zone.
12:52 of 1st period - Slapshot by Milan Michalek.
12:52 of 1st period - Stopped by Steve Mason with a rebound.
12:54 of 1st period - Wrist shot by Eric Gryba.
12:54 of 1st period - Deflect By Milan Michalek.
12:54 of 1st period - Shot Blocked by Zach Bogosian.
12:54 of 1st period - Puck is out of play.
12:55 of 1st period - Brad Richards wins face-off versus Brandon Prust in Senators zone.
13:12 of 1st period - Slapshot by Brad Richards.
13:12 of 1st period - Shot Misses the Net.
13:40 of 1st period - Travis Moen is hit by Johnny Oduya and loses puck.
13:53 of 1st period - Nikita Nikitin is hit by Jannik Hansen and loses puck.
14:11 of 1st period - Icing by Erik Gudbranson.
14:12 of 1st period - Justin Abdelkader wins face-off versus Scott Hartnell in Senators zone.
14:29 of 1st period - Snap shot by Milan Michalek.
14:29 of 1st period - Stopped by Steve Mason with a rebound.
14:31 of 1st period - Snap shot by Eric Gryba.
14:31 of 1st period - Stopped by Steve Mason without a rebound.
14:32 of 1st period - Nazem Kadri wins face-off versus Justin Abdelkader in Senators zone.
14:34 of 1st period - Minor Penalty to Nazem Kadri for High sticking.
14:35 of 1st period - Justin Abdelkader wins face-off versus Kyle Chipchura in Senators zone.
14:41 of 1st period - Zach Bogosian is hit by Milan Michalek and loses puck.
15:02 of 1st period - Slapshot by Fedor Tyutin.
15:02 of 1st period - Deflect By Milan Michalek.
15:02 of 1st period - Goal by Fedor Tyutin - Senators : 1 - RedWings : 0.
15:03 of 1st period - Kyle Chipchura wins face-off versus Tomas Hertl in neutral zone.
15:29 of 1st period - Wrist shot by Fedor Tyutin.
15:29 of 1st period - Deflect By Alexei Emelin.
15:29 of 1st period - Stopped by Jonas Hiller without a rebound.
15:30 of 1st period - Justin Abdelkader wins face-off versus Kyle Chipchura in RedWings zone.
15:37 of 1st period - Slapshot by Eric Gryba.
15:37 of 1st period - Stopped by Steve Mason without a rebound.
15:38 of 1st period - Kyle Chipchura wins face-off versus Justin Abdelkader in Senators zone.
16:14 of 1st period - Wrist shot by Justin Abdelkader.
16:14 of 1st period - Shot Misses the Net.
16:16 of 1st period - Backhand shot by Jason Demers.
16:16 of 1st period - Shot Misses the Net.
16:34 of 1st period - Penalty to Nazem Kadri is over, Nazem Kadri is back on ice.
16:41 of 1st period - Scott Hartnell is hit by Tomas Hertl and loses puck.
16:48 of 1st period - Wrist shot by Travis Moen.
16:48 of 1st period - Shot Misses the Net.
16:50 of 1st period - Snap shot by Johnny Boychuk.
16:50 of 1st period - Stopped by Steve Mason with a rebound.
16:52 of 1st period - Snap shot by Johnny Boychuk.
16:52 of 1st period - Shot Misses the Net.
16:54 of 1st period - Slapshot by Alexei Emelin.
16:54 of 1st period - Shot Misses the Net.
16:56 of 1st period - Snap shot by Travis Moen.
16:56 of 1st period - Shot Blocked by Fedor Tyutin.
16:58 of 1st period - Slapshot by Johnny Boychuk.
16:58 of 1st period - Shot Misses the Net.
17:24 of 1st period - Alexei Emelin is hit by Zach Bogosian.
17:52 of 1st period - Snap shot by Kyle Okposo.
17:52 of 1st period - Stopped by Jonas Hiller without a rebound.
17:53 of 1st period - Justin Abdelkader wins face-off versus Brad Richards in RedWings zone.
18:24 of 1st period - Snap shot by Milan Michalek.
18:24 of 1st period - Shot Misses the Net.
18:26 of 1st period - Wrist shot by Milan Michalek.
18:26 of 1st period - Stopped by Steve Mason without a rebound.
18:27 of 1st period - Jonathan Toews wins face-off versus Tomas Hertl in Senators zone.
18:38 of 1st period - Snap shot by Tomas Hertl.
18:38 of 1st period - Stopped by Steve Mason with a rebound.
18:40 of 1st period - Minor Penalty to Zach Bogosian for Hooking.
18:41 of 1st period - Kyle Chipchura wins face-off versus Tomas Hertl in Senators zone.
Goals for this period are 1 for Senators vs 0 for RedWings.
Shots for this period are 11 for Senators vs 9 for RedWings.

2nd period


0:01 of 2nd period - Justin Abdelkader wins face-off versus Kyle Chipchura in neutral zone.
0:20 of 2nd period - Wrist shot by Milan Michalek.
0:20 of 2nd period - Shot Misses the Net.
0:28 of 2nd period - Snap shot by Milan Michalek.
0:28 of 2nd period - Deflect By David Moss.
0:28 of 2nd period - Stopped by Steve Mason without a rebound.
0:29 of 2nd period - Kyle Chipchura wins face-off versus Tomas Hertl in Senators zone.
0:40 of 2nd period - Penalty to Zach Bogosian is over, Zach Bogosian is back on ice.
0:44 of 2nd period - Slapshot by Justin Schultz.
0:44 of 2nd period - Stopped by Jonas Hiller with a rebound.
1:21 of 2nd period - Nazem Kadri is hit by Brandon Prust and loses puck.
1:37 of 2nd period - Minor Penalty to Zac Rinaldo for Tripping.
1:38 of 2nd period - Jonathan Toews wins face-off versus Brandon Prust in RedWings zone.
1:38 of 2nd period - Wrist shot by Scott Hartnell.
1:38 of 2nd period - Goal by Scott Hartnell - Senators : 2 - RedWings : 0.
1:39 of 2nd period - Reilly Smith wins face-off versus Justin Abdelkader in neutral zone.
1:58 of 2nd period - Wrist shot by Milan Michalek.
1:58 of 2nd period - Shot Blocked by Zach Bogosian.
2:00 of 2nd period - Slapshot by Alexei Emelin.
2:00 of 2nd period - Shot Misses the Net.
2:02 of 2nd period - Snap shot by Johnny Boychuk.
2:02 of 2nd period - Shot Misses the Net.
2:10 of 2nd period - Slapshot by Kyle Okposo.
2:10 of 2nd period - Stopped by Jonas Hiller without a rebound.
2:11 of 2nd period - Jonathan Toews wins face-off versus Tomas Hertl in RedWings zone.
2:20 of 2nd period - Snap shot by Phil Kessel.
2:20 of 2nd period - Shot Blocked by Eric Gryba.
3:02 of 2nd period - Snap shot by Zac Rinaldo.
3:02 of 2nd period - Stopped by Steve Mason with a rebound.
3:32 of 2nd period - Nick Leddy is hit by Scott Gomez and loses puck.
3:59 of 2nd period - Wrist shot by Justin Abdelkader.
3:59 of 2nd period - Stopped by Steve Mason with a rebound.
4:35 of 2nd period - Johnny Boychuk is hit by David Clarkson and loses puck.
5:00 of 2nd period - Snap shot by Jesse Joensuu.
5:00 of 2nd period - Stopped by Steve Mason with a rebound.
5:02 of 2nd period - Slapshot by Johnny Boychuk.
5:02 of 2nd period - Deflect By Jesse Joensuu.
5:02 of 2nd period - Stopped by Steve Mason without a rebound.
5:03 of 2nd period - Tomas Hertl wins face-off versus Jonathan Toews in Senators zone.
5:10 of 2nd period - Travis Moen is hit by Scott Hartnell and loses puck.
5:19 of 2nd period - Slapshot by Phil Kessel.
5:19 of 2nd period - Shot Misses the Net.
5:21 of 2nd period - Slapshot by Erik Gudbranson.
5:21 of 2nd period - Shot Misses the Net.
5:23 of 2nd period - Slapshot by Nikita Nikitin.
5:23 of 2nd period - Shot Misses the Net.
5:33 of 2nd period - Snap shot by Jonathan Toews.
5:33 of 2nd period - Shot Misses the Net.
6:01 of 2nd period - Zac Rinaldo is hit by Scott Gomez and loses puck.
6:53 of 2nd period - Snap shot by Nazem Kadri.
6:53 of 2nd period - Shot Misses the Net.
6:55 of 2nd period - Snap shot by Nazem Kadri.
6:55 of 2nd period - Stopped by Jonas Hiller without a rebound.
6:56 of 2nd period - Nazem Kadri wins face-off versus Chris VandeVelde in RedWings zone.
7:07 of 2nd period - Snap shot by Paul Postma.
7:07 of 2nd period - Shot Misses the Net.
7:15 of 2nd period - Wrist shot by Jesse Joensuu.
7:15 of 2nd period - Shot Misses the Net.
7:30 of 2nd period - Icing by Nick Leddy.
7:31 of 2nd period - Jonathan Toews wins face-off versus Chris VandeVelde in RedWings zone.
7:42 of 2nd period - Snap shot by Jesse Joensuu.
7:42 of 2nd period - Shot Blocked by Erik Gudbranson.
7:52 of 2nd period - Slapshot by Phil Kessel.
7:52 of 2nd period - Shot Blocked by David Moss.
8:10 of 2nd period - Erik Gudbranson is hit by Justin Abdelkader and loses puck.
8:35 of 2nd period - Slapshot by Tomas Hertl.
8:35 of 2nd period - Stopped by Steve Mason with a rebound.
8:45 of 2nd period - Wrist shot by Jannik Hansen.
8:45 of 2nd period - Stopped by Steve Mason with a rebound.
8:47 of 2nd period - Wrist shot by Johnny Boychuk.
8:47 of 2nd period - Shot Misses the Net.
8:49 of 2nd period - Snap shot by Travis Moen.
8:49 of 2nd period - Deflect By Tomas Hertl.
8:49 of 2nd period - Shot Blocked by Erik Gudbranson.
8:49 of 2nd period - Erik Gudbranson from Senators is injured at 8:49 of 2nd period (Groin).
8:50 of 2nd period - Nazem Kadri wins face-off versus Justin Abdelkader in Senators zone.
9:25 of 2nd period - Wrist shot by Justin Abdelkader.
9:25 of 2nd period - Goal by Justin Abdelkader - Senators : 2 - RedWings : 1.
9:26 of 2nd period - Jannik Hansen wins face-off versus Jonathan Toews in neutral zone.
9:38 of 2nd period - Jonathan Toews is hit by Jason Demers.
9:54 of 2nd period - Snap shot by Tomas Hertl.
9:54 of 2nd period - Shot Misses the Net.
10:00 of 2nd period - Jason Demers is hit by Phil Kessel and loses puck.
10:24 of 2nd period - Snap shot by Milan Michalek.
10:24 of 2nd period - Shot Misses the Net.
10:26 of 2nd period - Slapshot by Johnny Boychuk.
10:26 of 2nd period - Stopped by Steve Mason with a rebound.
10:48 of 2nd period - Wrist shot by Justin Abdelkader.
10:48 of 2nd period - Shot Misses the Net.
10:50 of 2nd period - Snap shot by Johnny Boychuk.
10:50 of 2nd period - Shot Misses the Net.
10:56 of 2nd period - Minor Penalty to Justin Schultz for Holding.
10:57 of 2nd period - Tomas Hertl wins face-off versus Kyle Chipchura in Senators zone.
11:55 of 2nd period - Fedor Tyutin is hit by David Moss and loses puck.
12:38 of 2nd period - Tomas Hertl is hit by Jonathan Toews.
12:56 of 2nd period - Penalty to Justin Schultz is over, Justin Schultz is back on ice.
13:46 of 2nd period - Wrist shot by Bryan Bickell.
13:46 of 2nd period - Shot Blocked by Kyle Okposo.
13:48 of 2nd period - Slapshot by Paul Postma.
13:48 of 2nd period - Shot Misses the Net.
13:50 of 2nd period - Slapshot by Paul Postma.
13:50 of 2nd period - Stopped by Steve Mason with a rebound.
13:58 of 2nd period - Brandon Prust is hit by Nazem Kadri and loses puck.
14:03 of 2nd period - Minor Penalty to Brandon Prust for High sticking.
14:04 of 2nd period - Scott Hartnell wins face-off versus Zac Rinaldo in RedWings zone.
14:49 of 2nd period - Snap shot by Nazem Kadri.
14:49 of 2nd period - Stopped by Jonas Hiller with a rebound.
14:51 of 2nd period - Slapshot by Zach Bogosian.
14:51 of 2nd period - Shot Misses the Net.
14:53 of 2nd period - Slapshot by Zach Bogosian.
14:53 of 2nd period - Stopped by Jonas Hiller with a rebound.
15:08 of 2nd period - Icing by Jonathan Toews.
15:09 of 2nd period - Zac Rinaldo wins face-off versus Jonathan Toews in Senators zone.
15:16 of 2nd period - Zac Rinaldo is hit by Zach Bogosian and loses puck.
15:59 of 2nd period - Jason Demers is hit by Justin Schultz and loses puck.
16:03 of 2nd period - Penalty to Brandon Prust is over, Brandon Prust is back on ice.
16:29 of 2nd period - Double Minor Penalty to Colin Greening for Roughing.
16:30 of 2nd period - Kyle Chipchura wins face-off versus Justin Abdelkader in Senators zone.
16:45 of 2nd period - Wrist shot by Justin Abdelkader.
16:45 of 2nd period - Shot Blocked by Johnny Oduya.
18:00 of 2nd period - Milan Michalek is hit by Scott Gomez and loses puck.
18:11 of 2nd period - Snap shot by Justin Abdelkader.
18:11 of 2nd period - Stopped by Steve Mason without a rebound.
18:12 of 2nd period - Justin Abdelkader wins face-off versus Brad Richards in Senators zone.
19:44 of 2nd period - Alexei Emelin is hit by Zach Bogosian and loses puck.
19:51 of 2nd period - Snap shot by Jonathan Toews.
19:51 of 2nd period - Stopped by Jonas Hiller with a rebound.
Goals for this period are 1 for Senators vs 1 for RedWings.
Shots for this period are 7 for Senators vs 11 for RedWings.

3rd period


0:01 of 3rd period - Kyle Chipchura wins face-off versus Justin Abdelkader in neutral zone.
0:04 of 3rd period - Johnny Boychuk is hit by Zach Bogosian and loses puck.
0:29 of 3rd period - Penalty to Colin Greening is over, Colin Greening is back on ice.
0:57 of 3rd period - Snap shot by Scott Hartnell.
0:57 of 3rd period - Stopped by Jonas Hiller with a rebound.
0:59 of 3rd period - Snap shot by Justin Schultz.
0:59 of 3rd period - Shot Misses the Net.
1:01 of 3rd period - Wrist shot by Scott Hartnell.
1:01 of 3rd period - Stopped by Jonas Hiller with a rebound.
1:03 of 3rd period - Snap shot by Johnny Oduya.
1:03 of 3rd period - Shot Misses the Net.
1:05 of 3rd period - Slapshot by Johnny Oduya.
1:05 of 3rd period - Stopped by Jonas Hiller with a rebound.
1:17 of 3rd period - Johnny Oduya is hit by Alexei Emelin and loses puck.
1:38 of 3rd period - Slapshot by Eric Gryba.
1:38 of 3rd period - Shot Misses the Net.
1:40 of 3rd period - Slapshot by Jason Demers.
1:40 of 3rd period - Shot Misses the Net.
1:42 of 3rd period - Snap shot by Zac Rinaldo.
1:42 of 3rd period - Shot Misses the Net.
1:44 of 3rd period - Wrist shot by Zac Rinaldo.
1:44 of 3rd period - Shot Misses the Net.
1:46 of 3rd period - Snap shot by Eric Gryba.
1:46 of 3rd period - Deflect By Zac Rinaldo.
1:46 of 3rd period - Shot Blocked by Justin Schultz.
1:46 of 3rd period - Puck is out of play.
1:47 of 3rd period - Chris VandeVelde wins face-off versus Nazem Kadri in Senators zone.
2:06 of 3rd period - Snap shot by Nazem Kadri.
2:06 of 3rd period - Stopped by Jonas Hiller without a rebound.
2:07 of 3rd period - Nazem Kadri wins face-off versus Chris VandeVelde in RedWings zone.
2:10 of 3rd period - Snap shot by Nazem Kadri.
2:10 of 3rd period - Stopped by Jonas Hiller with a rebound.
2:50 of 3rd period - Wrist shot by Jonathan Toews.
2:50 of 3rd period - Shot Misses the Net.
3:09 of 3rd period - Zach Bogosian is hit by Justin Abdelkader and loses puck.
4:16 of 3rd period - Snap shot by Jannik Hansen.
4:16 of 3rd period - Deflect By Tomas Hertl.
4:16 of 3rd period - Shot Blocked by Fedor Tyutin.
4:16 of 3rd period - Puck is out of play.
4:17 of 3rd period - Brandon Prust wins face-off versus Kyle Chipchura in Senators zone.
4:18 of 3rd period - Slapshot by Bryan Bickell.
4:18 of 3rd period - Stopped by Steve Mason with a rebound.
4:28 of 3rd period - Slapshot by Justin Schultz.
4:28 of 3rd period - Shot Misses the Net.
4:30 of 3rd period - Backhand shot by Justin Schultz.
4:30 of 3rd period - Shot Blocked by Eric Gryba.
4:32 of 3rd period - Slapshot by Nikita Nikitin.
4:32 of 3rd period - Stopped by Jonas Hiller without a rebound.
4:33 of 3rd period - Kyle Chipchura wins face-off versus Brandon Prust in RedWings zone.
4:38 of 3rd period - Slapshot by Justin Schultz.
4:38 of 3rd period - Shot Misses the Net.
4:58 of 3rd period - Slapshot by Jason Demers.
4:58 of 3rd period - Stopped by Steve Mason with a rebound.
5:00 of 3rd period - Snap shot by Eric Gryba.
5:00 of 3rd period - Shot Misses the Net.
5:36 of 3rd period - Jannik Hansen is hit by Justin Schultz and loses puck.
5:53 of 3rd period - Slapshot by Kyle Okposo.
5:53 of 3rd period - Shot Misses the Net.
5:55 of 3rd period - Slapshot by Nazem Kadri.
5:55 of 3rd period - Stopped by Jonas Hiller with a rebound.
5:57 of 3rd period - Snap shot by Kyle Okposo.
5:57 of 3rd period - Deflect By Nazem Kadri.
5:57 of 3rd period - Shot Misses the Net.
5:57 of 3rd period - Puck is out of play.
5:58 of 3rd period - Nazem Kadri wins face-off versus Chris VandeVelde in RedWings zone.
6:55 of 3rd period - Slapshot by Jason Demers.
6:55 of 3rd period - Deflect By Nikita Nikitin.
6:55 of 3rd period - Stopped by Steve Mason without a rebound.
6:56 of 3rd period - Brad Richards wins face-off versus Justin Abdelkader in Senators zone.
7:52 of 3rd period - Snap shot by Phil Kessel.
7:52 of 3rd period - Shot Blocked by Brandon Prust.
7:54 of 3rd period - Snap shot by Phil Kessel.
7:54 of 3rd period - Stopped by Jonas Hiller without a rebound.
7:55 of 3rd period - Nazem Kadri wins face-off versus Tomas Hertl in RedWings zone.
8:18 of 3rd period - Paul Postma is hit by Kyle Okposo.
8:50 of 3rd period - Snap shot by Bryan Bickell.
8:50 of 3rd period - Shot Misses the Net.
9:00 of 3rd period - Johnny Boychuk is hit by Scott Hartnell and loses puck.
9:11 of 3rd period - Snap shot by Phil Kessel.
9:11 of 3rd period - Stopped by Jonas Hiller with a rebound.
9:31 of 3rd period - Wrist shot by Justin Abdelkader.
9:31 of 3rd period - Stopped by Steve Mason with a rebound.
9:33 of 3rd period - Slapshot by Johnny Boychuk.
9:33 of 3rd period - Shot Misses the Net.
9:35 of 3rd period - Slapshot by Johnny Boychuk.
9:35 of 3rd period - Shot Blocked by Fedor Tyutin.
9:35 of 3rd period - Fedor Tyutin from Senators is injured at 9:35 of 3rd period (Right Eye).
9:36 of 3rd period - Jonathan Toews wins face-off versus Justin Abdelkader in Senators zone.
9:47 of 3rd period - Slapshot by Justin Abdelkader.
9:47 of 3rd period - Shot Blocked by Jonathan Toews.
9:49 of 3rd period - Slapshot by Alexei Emelin.
9:49 of 3rd period - Shot Blocked by Jonathan Toews.
9:51 of 3rd period - Slapshot by Johnny Boychuk.
9:51 of 3rd period - Shot Blocked by Justin Schultz.
10:10 of 3rd period - Minor Penalty to Alexei Emelin for Tripping.
10:11 of 3rd period - Nazem Kadri wins face-off versus Brandon Prust in RedWings zone.
10:35 of 3rd period - Snap shot by Kyle Okposo.
10:35 of 3rd period - Shot Misses the Net.
10:37 of 3rd period - Wrist shot by Justin Schultz.
10:37 of 3rd period - Stopped by Jonas Hiller without a rebound.
10:38 of 3rd period - Brandon Prust wins face-off versus Jonathan Toews in RedWings zone.
10:47 of 3rd period - Snap shot by Phil Kessel.
10:47 of 3rd period - Shot Misses the Net.
10:57 of 3rd period - Wrist shot by Phil Kessel.
10:57 of 3rd period - Goal by Phil Kessel - Senators : 3 - RedWings : 1.
10:58 of 3rd period - Nazem Kadri wins face-off versus Justin Abdelkader in neutral zone.
11:07 of 3rd period - Wrist shot by Kyle Okposo.
11:07 of 3rd period - Stopped by Jonas Hiller with a rebound.
11:09 of 3rd period - Slapshot by Justin Schultz.
11:09 of 3rd period - Shot Blocked by Milan Michalek.
11:11 of 3rd period - Slapshot by Justin Schultz.
11:11 of 3rd period - Shot Misses the Net.
11:13 of 3rd period - Snap shot by Kyle Okposo.
11:13 of 3rd period - Stopped by Jonas Hiller with a rebound.
11:15 of 3rd period - Wrist shot by Kyle Okposo.
11:15 of 3rd period - Stopped by Jonas Hiller with a rebound.
11:34 of 3rd period - Justin Schultz is hit by Justin Abdelkader and loses puck.
12:08 of 3rd period - Wrist shot by Phil Kessel.
12:08 of 3rd period - Goal by Phil Kessel - Senators : 4 - RedWings : 1.
12:09 of 3rd period - Jonathan Toews wins face-off versus Tomas Hertl in neutral zone.
12:58 of 3rd period - Snap shot by Bryan Bickell.
12:58 of 3rd period - Stopped by Steve Mason with a rebound.
13:12 of 3rd period - Snap shot by Brandon Prust.
13:12 of 3rd period - Stopped by Steve Mason with a rebound.
13:56 of 3rd period - Off-side.
13:57 of 3rd period - Nazem Kadri wins face-off versus Chris VandeVelde in neutral zone.
14:22 of 3rd period - Snap shot by Kyle Okposo.
14:22 of 3rd period - Stopped by Jonas Hiller with a rebound.
14:57 of 3rd period - Slapshot by Jonathan Toews.
14:57 of 3rd period - Deflect By Phil Kessel.
14:57 of 3rd period - Shot Misses the Net.
14:57 of 3rd period - Puck is out of play.
14:58 of 3rd period - Jonathan Toews wins face-off versus Justin Abdelkader in RedWings zone.
15:17 of 3rd period - Alexei Emelin is hit by Scott Hartnell and loses puck.
15:35 of 3rd period - Off-side.
15:36 of 3rd period - Tomas Hertl wins face-off versus Kyle Chipchura in neutral zone.
15:45 of 3rd period - Wrist shot by Jannik Hansen.
15:45 of 3rd period - Stopped by Steve Mason with a rebound.
15:47 of 3rd period - Slapshot by Eric Gryba.
15:47 of 3rd period - Deflect By Justin Schultz.
15:47 of 3rd period - Stopped by Steve Mason with a rebound.
15:49 of 3rd period - Slapshot by Jason Demers.
15:49 of 3rd period - Stopped by Steve Mason with a rebound.
16:03 of 3rd period - Snap shot by Tomas Hertl.
16:03 of 3rd period - Stopped by Steve Mason with a rebound.
16:05 of 3rd period - Slapshot by Travis Moen.
16:05 of 3rd period - Stopped by Steve Mason with a rebound.
16:07 of 3rd period - Slapshot by Eric Gryba.
16:07 of 3rd period - Stopped by Steve Mason with a rebound.
16:09 of 3rd period - Slapshot by Eric Gryba.
16:09 of 3rd period - Shot Blocked by Justin Schultz.
16:11 of 3rd period - Snap shot by Travis Moen.
16:11 of 3rd period - Shot Blocked by Kyle Clifford.
17:06 of 3rd period - Chris VandeVelde is hit by Brad Richards and loses puck.
17:23 of 3rd period - Zach Bogosian is hit by Chris VandeVelde and loses puck.
17:28 of 3rd period - Wrist shot by Jesse Joensuu.
17:28 of 3rd period - Stopped by Steve Mason without a rebound.
17:29 of 3rd period - Nazem Kadri wins face-off versus Milan Michalek in Senators zone.
17:49 of 3rd period - Eric Gryba is hit by Johnny Oduya and loses puck.
17:56 of 3rd period - Milan Michalek is hit by Nazem Kadri and loses puck.
19:01 of 3rd period - Jason Demers is hit by Justin Schultz and loses puck.
19:20 of 3rd period - Slapshot by Jason Demers.
19:20 of 3rd period - Shot Misses the Net.
19:39 of 3rd period - Tyler Pitlick is hit by Nikita Nikitin and loses puck.
Goals for this period are 2 for Senators vs 0 for RedWings.
Shots for this period are 16 for Senators vs 13 for RedWings.


Output by the SimonT Hockey Simulator (STHS) for Eric Dolegowski -- Original Page W3C XHTML 1.0 Valid
Hockey Simulator - Hockey Simulation - Hockey Manager